 Dungeon Crawl Stone Soup version 0.31-a0-18-gea43df2a32 (webtiles) character file.

Game seed: 3975485734109883935

29915 BlueFish the Fighter (level 13, 0/114 HPs)
             Began as a Pale Draconian Delver on May 13, 2023.
             Was a Priest of Vehumet.
             Slain by a phantasmal warrior (33 damage)
             ... on level 3 of the Lair of Beasts.
             The game lasted 00:47:43 (20601 turns).

BlueFish the Fighter (Pale Draconian Delver)       Turns: 20601, Time: 00:47:44

Health: 0/114      AC: 12    Str: 15    XL:     13   Next: 17%
Magic:  3/22       EV: 15    Int: 21    God:    Vehumet [***...]
Gold:   1124       SH:  0    Dex: 13    Spells: 19/25 levels left

rFire   . . .        w - +5 long sword
rCold   . . .        (no shield)
rNeg    . . .        (body armour unavailable)
rPois   .            (helmet restricted)
rElec   .            (no cloak)
rCorr   .            o - +0 pair of gloves
SInv    .            L - +2 pair of boots
Will    .....        t - amulet of the acrobat
Stlth   ++++         g - +6 ring of intelligence
HPRegen 0.39/turn    H - ring of wizardry
MPRegen 0.18/turn

%: acrobat, wizardry (x1)
@: weak-willed
A: breathe steam, AC +8, unfitting armour, cold-blooded, steam resistance
a: Breathe Steam, Renounce Religion


You were on level 3 of the Lair of Beasts.
You worshipped Vehumet.
Vehumet was most pleased with you.
You visited 3 branches of the dungeon, and saw 16 of its levels.

You collected 1124 gold pieces.

Inventory:

Hand Weapons
 a - a +0 short sword
 v - a +3 dagger
 w - a +5 long sword (weapon)
Missiles
 y - 4 throwing nets
Armour
 o - a +0 pair of gloves (worn)
 L - a +2 pair of boots (worn)
Jewellery
 g - a +6 ring of intelligence (left hand)
 p - an amulet of faith
 t - an amulet of the acrobat (around neck)
 H - a ring of wizardry (right hand)
 M - a ring of positive energy
 N - a +6 ring of strength
Wands
 f - a wand of digging (3)
 A - a wand of quicksilver (26)
 E - a wand of iceblast (7)
 J - a wand of paralysis (10)
 K - a wand of flame (11)
Scrolls
 b - 4 scrolls of fog
 c - 2 scrolls of magic mapping
 d - 4 scrolls of fear
 h - 7 scrolls of teleportation
 i - a scroll of vulnerability
 j - a scroll of acquirement {unknown}
 l - a scroll of enchant armour {unknown}
 n - a scroll of noise
 q - a scroll of silence {unknown}
 z - 3 scrolls of poison
 C - a scroll of enchant weapon
 G - a scroll of amnesia {unknown}
 R - a scroll of immolation
Potions
 e - 3 potions of haste
 k - a potion of heal wounds
 m - 5 potions of flight
 r - 2 potions of berserk rage
 s - 6 potions of curing
 u - 4 potions of brilliance
 x - 2 potions of attraction {unknown}
 B - 2 potions of lignification
 I - a potion of resistance {unknown}
 O - 2 potions of cancellation {unknown}
 P - a potion of invisibility {unknown}
 S - a potion of mutation {unknown}
Miscellaneous
 Q - a lightning rod (4/4)


   Skills:
 + Level 10.5 Fighting
 - Level 9.0(10.4) Short Blades
 + Level 8.2(10.1) Long Blades
 + Level 8.6 Dodging
 + Level 10.2 Stealth
 + Level 6.6 Spellcasting
 * Level 5.0 Fire Magic
 + Level 8.1 Evocations


You had 19 spell levels left.
You knew the following spells:

 Your Spells              Type           Power      Damage    Failure   Level
a - Scorch                Fire           56%        2d7       1%          2
b - Sticky Flame          Conj/Fire      17%        2d4       4%          4

Your spell library contained the following spells:

 Spells                   Type           Power      Damage    Failure   Level
 Volatile Blastmotes      Fire/Tloc      34%        2d12      1%          3
 Ignite Poison            Fire/Tmut/Pois 14%        N/A       1%          3
 Dazzling Flash           Conj/Hex       12%        N/A       3%          3
 Lesser Beckoning         Tloc           12%        N/A       6%          2
 Call Canine Familiar     Summ           6%         N/A       12%         3
 Gell's Gravitas          Tloc           6%         N/A       12%         3
 Portal Projectile        Hex/Tloc       12%        N/A       12%         3
 Teleport Other           Tloc           6%         N/A       12%         3
 Leda's Liquefaction      Hex/Erth       3%         N/A       34%         4
 Agony                    Necr           6%         N/A       67%         5
 Silence                  Hex/Air        3%         N/A       67%         5
 Dispersal                Tloc           3%         N/A       99%         6
 Simulacrum               Ice/Necr       3%         N/A       99%         6
 Ozocubu's Refrigeration  Ice            3%         4d8       99%         7
 Ignition                 Fire           14%        3d6       99%         8
 Polar Vortex             Ice            3%         N/A       100%        9


Dungeon Overview and Level Annotations

Branches:
Dungeon (11/15)            Temple (1/1) D:6            Lair (4/5) D:11
  Swamp (0/4) Lair:3        Snake (0/4) Lair:3
  Slime: Lair:4-5       Orc: D:9-12

Altars:
Ashenzari
Cheibriados
Dithmenos
Elyvilon
Fedhas
Gozag
Hepliaklqana
Kikubaaqudgha
Makhleb
Nemelex Xobeh
Okawaru
Qazlal
Ru
Sif Muna
Trog
Uskayaw
Vehumet
Wu Jian
Xom
Yredelemnul
Zin
The Shining One

Portals:
Trove: D:10 (give 7 scrolls of fear)

Annotations:
D:11 exclusion: boulder beetle


Innate Abilities, Weirdness & Mutations

You can breathe blasts of scalding, opaque steam.
Your pale cyan-grey scales are hard. (AC +8)
You cannot fit into any form of body armour.
You are cold-blooded and may be slowed by cold attacks.
You are immune to the effects of steam.


Message History

Press: ? - help, Shift-Dir - straight line, f/p - phantasmal warrior
Aim: a phantasmal warrior (steam, heavily damaged, unstickable)
The sticky flame hits the phantasmal warrior but does no damage.
The phantasmal warrior is heavily damaged.
The phantasmal warrior is engulfed in a cloud of scalding steam.
The phantasmal warrior hits you but does no damage.
Casting: Sticky Flame (dangerous; 4% risk of failure)
Confirm with . or Enter, or press ? or * to list all spells.
Aiming: Sticky Flame (dangerous; 4% risk of failure)
Press: ? - help, Shift-Dir - straight line, f/p - phantasmal warrior
Aim: a phantasmal warrior (severely damaged, unstickable)
The sticky flame hits the phantasmal warrior but does no damage.
The phantasmal warrior is severely damaged.
The phantasmal warrior barely misses you.
You closely miss the phantasmal warrior.
The phantasmal warrior is severely damaged.
You barely miss the phantasmal warrior.
The phantasmal warrior is severely damaged.
The phantasmal warrior hits you!!
You hit the phantasmal warrior.
The phantasmal warrior is almost destroyed.
The phantasmal warrior hits you!
Your willpower is stripped away!
Casting: Sticky Flame (dangerous; 4% risk of failure)
Confirm with . or Enter, or press ? or * to list all spells.
Aiming: Sticky Flame (dangerous; 4% risk of failure)
Press: ? - help, Shift-Dir - straight line, f/p - phantasmal warrior
Aim: a phantasmal warrior (almost destroyed, unstickable)
The sticky flame hits the phantasmal warrior but does no damage.
The phantasmal warrior is almost destroyed.
The phantasmal warrior hits you!!
* * * LOW HITPOINT WARNING * * *
You hit the phantasmal warrior.
Your tail-slap misses the phantasmal warrior.
The phantasmal warrior is almost destroyed.
The phantasmal warrior misses you.
You barely miss the phantasmal warrior. You tail-slap the phantasmal warrior.
The phantasmal warrior is almost destroyed.
You have got your breath back.
The phantasmal warrior hits you!!
You die...

#...#.#♣♣♣.# ♣#..P# # #♣.♣##♣
♣♣♣ #♣..#### ### ♣♣♣
♣.##..###.# ♣♣♣♣♣♣......###.
###############..♣♣.♣♣♣#.#.P..
#....'..#.....#§.♣♣♣.♣♣♣......
#....#..# ...#§§♣..♣.♣♣.###..
#....#..#####'#..♣♣♣.♣♣♣♣# #..
######..#....@#..♣..♣♣♣♣ #..
#.)..#..#...W.'..§♣..♣.♣ ###
#...÷#..#.....#.§.♣♣♣.♣♣
#...!'..'.....#.§§♣♣.♣♣
###############..♣♣.♣♣♣####
♣.♣♣♣♣......####
♣♣♣♣♣♣........## ♣♣♣♣
♣♣♣♣♣♣.♣♣.......## #..♣
#.............P.##


You could see a phantasmal warrior.

Vanquished Creatures
  A catoblepas (Lair:3)
  A hydra (Lair:3)
  5 two-headed ogres
  3 death yaks
  Amaemon (Lair:3)
  An oklob plant (Lair:3)
  A manticore (D:11)
  A guardian serpent (Lair:3)
  2 black mambas (Lair:1)
  An orange demon (Lair:3)
  A gargoyle (D:8)
  7 cane toads
  2 unseen horrors (D:11)
  3 komodo dragons
  2 guardian mummies (D:10)
  3 trolls
  2 polar bears
  Grinder (D:5)
  A hornet (D:8)
  21 blink frogs
  Sigmund (D:5)
  A shadow (D:11)
  A vampire (D:11)
  6 wyverns
  21 yaks
  2 basilisks
  6 humans
  3 steam dragons
  10 water moccasins
  3 acid dragons
  An ice beast (D:4)
  A sky beast (D:7)
  A black bear (D:4)
  2 orc warriors
  An ogre (D:6)
  5 centaurs
  A phantom (D:6)
  8 wolves (Lair:1)
  17 bullfrogs
  A kobold brigand (D:7)
  A gnoll sergeant (D:8)
  4 scorpions
  21 killer bees
  2 howler monkeys
  5 hounds
  4 orc priests
  A gnoll bouda (D:5)
  3 jellies
  A sleepcap (D:4)
  4 iguanas
  4 orc wizards
  Robin (D:3)
  11 gnolls
  8 adders
  A white imp (D:6)
  2 ufetubi
  3 worms
  2 dart slugs (D:4)
  15 orcs
  7 endoplasms
  3 giant cockroaches
  15 goblins
  5 hobgoblins
  8 jackals
  6 quokkas
  12 ball pythons
  3 bats
  2 frilled lizards
  8 kobolds
  5 rats
319 creatures vanquished.

Notes
Turn   | Place    | Note
-------+----------+-------------------------------------------
     0 | D:5      | BlueFish the Draconian Delver began the quest for the Orb.
     0 | D:5      | Reached XP level 1. HP: 19/19 MP: 1/1
   161 | D:4      | Noticed a black bear
   249 | D:4      | Reached XP level 2. HP: 23/26 MP: 2/2
   480 | D:2      | Reached XP level 3. HP: 30/33 MP: 3/3
   743 | D:2      | Found a glowing silver altar of Zin.
   966 | D:1      | Reached XP level 4. HP: 40/40 MP: 4/4
  1939 | D:2      | Reached skill level 5 in Stealth
  2558 | D:3      | Noticed Robin
  2696 | D:3      | Killed Robin
  2861 | D:3      | Reached XP level 5. HP: 28/46 MP: 5/5
  3425 | D:3      | Found a shimmering blue altar of Sif Muna.
  3425 | D:3      | Found a shimmering altar of Xom.
  4056 | D:4      | Killed a black bear
  4057 | D:4      | Reached XP level 6. HP: 52/55 MP: 6/6
  4350 | D:4      | Reached skill level 5 in Fighting
  4850 | D:4      | Your scales start taking on a pale cyan-grey colour.
  4850 | D:4      | Reached XP level 7. HP: 61/61 MP: 7/7
  4850 | D:4      | Gained mutation: You are immune to the effects of steam.
                  | [Pale Draconian growth]
  4958 | D:5      | Noticed Sigmund
  5596 | D:5      | Noticed Grinder
  5661 | D:5      | Killed Sigmund
  5662 | D:5      | Reached skill level 1 in Long Blades
  5672 | D:5      | Killed Grinder
  5673 | D:5      | Reached skill level 5 in Short Blades
  5673 | D:5      | Reached XP level 8. HP: 70/70 MP: 8/8
  6267 | D:6      | Reached skill level 5 in Dodging
  6757 | D:6      | Found a staircase to the Ecumenical Temple.
  6763 | Temple   | Entered the Ecumenical Temple
  6957 | Temple   | Became a worshipper of Vehumet
  7544 | D:7      | Noticed a troll
  7607 | D:7      | Reached skill level 1 in Evocations
  7666 | D:7      | Reached XP level 9. HP: 78/78 MP: 8/10
  7727 | D:7      | Reached skill level 1 in Spellcasting
  8176 | D:7      | Killed a troll
  9066 | D:8      | Noticed a two-headed ogre
  9107 | D:8      | Killed a two-headed ogre
  9280 | D:8      | Reached XP level 10. HP: 88/88 MP: 14/14
  9855 | D:9      | Noticed a gargoyle
  9861 | D:8      | Killed a gargoyle
 10176 | D:9      | Reached skill level 5 in Long Blades
 10437 | D:9      | Reached * piety under Vehumet
 10437 | D:9      | Offered knowledge of Kiss of Death by Vehumet.
 10789 | D:9      | Noticed a two-headed ogre
 10827 | D:9      | Killed a two-headed ogre
 10828 | D:9      | Reached skill level 5 in Evocations
 10998 | D:9      | Noticed a two-headed ogre
 11030 | D:9      | Killed a two-headed ogre
 11031 | D:9      | Reached XP level 11. HP: 72/95 MP: 17/17
 11779 | D:9      | Identified the +5 sling "Egg" {flame, *Corrode +Blink rPois
                  | Str+5}
 12024 | D:10     | Entered Level 10 of the Dungeon
 12389 | D:10     | Reached ** piety under Vehumet
 12505 | D:10     | Offered knowledge of Freeze by Vehumet.
 12995 | D:10     | Found a portal to a secret trove of treasure.
 13075 | D:10     | Noticed a two-headed ogre
 13091 | D:10     | Killed a two-headed ogre
 13175 | D:10     | Reached skill level 5 in Spellcasting
 13566 | D:11     | Noticed a boulder beetle
 13712 | D:11     | Noticed a two-headed ogre
 13756 | D:11     | Killed a two-headed ogre
 14115 | D:11     | Found a staircase to the Lair.
 15102 | Lair:1   | Entered Level 1 of the Lair of Beasts
 15248 | Lair:1   | Reached XP level 12. HP: 105/105 MP: 20/20
 16811 | Lair:1   | Offered knowledge of Scorch by Vehumet.
 16815 | Lair:1   | Learned a level 2 spell: Scorch
 17285 | Lair:2   | Reached skill level 1 in Fire Magic
 17370 | Lair:2   | Reached *** piety under Vehumet
 17491 | Lair:2   | Reached skill level 10 in Fighting
 17903 | Lair:2   | Learned a level 4 spell: Sticky Flame
 17977 | Lair:2   | Noticed a seven-headed hydra
 18493 | Lair:2   | Offered knowledge of Volatile Blastmotes by Vehumet.
 18694 | Lair:3   | Reached skill level 10 in Stealth
 18703 | Lair:3   | Found a staircase to the Swamp.
 18723 | Lair:3   | Noticed a catoblepas
 18870 | Lair:3   | Killed a catoblepas
 19051 | Lair:3   | Noticed Amaemon
 19108 | Lair:3   | Killed Amaemon
 19243 | Lair:3   | Noticed a four-headed hydra
 19250 | Lair:3   | Noticed a death yak
 19330 | Lair:3   | Noticed a death yak
 19330 | Lair:3   | Noticed a death yak
 19343 | Lair:3   | Noticed a death yak
 19353 | Lair:2   | Killed a death yak
 19410 | Lair:3   | Found a shimmering blue altar of Sif Muna.
 19418 | Lair:3   | Found a staircase to the Snake Pit.
 19453 | Lair:3   | Reached XP level 13. HP: 99/114 MP: 22/22
 19494 | Lair:3   | You fall into a shaft and drop 1 floor!
 20166 | Lair:3   | Found a runed translucent door.
 20350 | Lair:3   | Reached skill level 5 in Fire Magic
 20601 | Lair:3   | Slain by a phantasmal warrior

Illustrated notes

Levels and vault maps discovered:
D:1:      minmay_arrival_up_and_down, layout_basic, minivault_25
D:2:      layout_loops_ring, basic_altar
D:3:      layout_loops_corners, gammafunk_temple_overflow_elements,
          feat_on_display, uniq_robin
D:4:      layout_basic
D:5:      layout_loops_ring, hangedman_abyss_or_decor_stagger, uniq_grinder,
          uniq_sigmund
D:6:      layout_basic, minmay_temple_entry_fiery
D:7:      layout_basic, minivault_24, kennysheep_pointless_box,
          minmay_misc_feat_encased
D:8:      layout_cave_pods
D:9:      kennysheep_spiral_hall, layout_irregular_city, minmay_ruffians
D:10:     minmay_weird_star, layout_long_grid, nicolae_trove_entry_path_of_doom
D:11:     layout_basic, lair_entry_dummy, nrook_mini_vaults
Temple:   mainiacjoe_temple_big_plus
Lair:1:   layout_cave_shapes, hangedman_lair_unloving_vines,
          chequers_serial_rivers_small_3, beast_lair_carwin_1
Lair:2:   layout_roguey
Lair:3:   layout_roguey, swamp_mist, minmay_snake_entry_spellcaster,
          basic_altar, pdpol_lair_cabin_in_the_woods, uniq_amaemon
Lair:4:   cheibrodos_lair_river_kwai, layout_hall_layers,
          nicolae_slime_entry_field_trip, minivault_26

Skill      XL: |  1  2  3  4  5  6  7  8  9 10 11 12 13 |
---------------+----------------------------------------+-----
Dodging        | 2 3 4 5 6 7 8 |  8.6
Fighting       | 4 5 6 7 8 9 10 | 10.5
Stealth        | 5 6 7 8 9 10 | 10.2
Short Blades   | 3 4 5 6 7 8 9 |  9.0
Long Blades    | 1 3 4 5 7 8 |  8.2
Evocations     | 1 3 5 6 7 8 |  8.1
Spellcasting   | 2 4 5 6 |  6.6
Fire Magic     | 4 5 |  5.0

Action                     |  1- 3 |  4- 6 |  7- 9 | 10-12 | 13-15 || total
---------------------------+-------+-------+-------+-------+-------++-------
  Melee: Short sword       |   147 |   337 |     1 |       |       ||   485
         Tailslap          |    15 |    56 |    33 |    63 |     9 ||   176
         Punch             |       |     4 |     2 |     3 |     1 ||    10
         Dagger            |       |       |    67 |       |       ||    67
         Long sword        |       |       |   146 |   427 |    39 ||   612
  Throw: Throwing net      |       |       |       |     1 |       ||     1
   Cast: Scorch            |       |       |       |    33 |       ||    33
         Sticky Flame      |       |       |       |    11 |    15 ||    26
Ability: Breathe Steam     |       |       |    28 |   140 |    10 ||   178
  Evoke: Wand              |       |       |       |     2 |       ||     2
    Use: Scroll            |       |       |     4 |     2 |     4 ||    10
         Potion            |       |       |       |     6 |       ||     6
   Stab: Sleeping          |     3 |    18 |     5 |       |     1 ||    27
         Distracted        |       |     1 |     1 |       |       ||     2
 Armour: Skin              |    33 |    85 |    81 |   148 |    17 ||   364
  Dodge: Dodged            |    71 |   151 |   224 |   353 |    49 ||   848

Table legend: (Time is in decaauts)
 A = Elapsed time spent in this place.
 B = Non-inter-level travel time spent in this place.
 C = Inter-level travel time spent in this place.
 D = Time resting spent in this place.
 E = Time spent auto-exploring this place.
 F = Levels seen in this place.
 G = Mean time per level.
                   A        B        C        D        E       F      G
               +--------+--------+--------+--------+--------+-----+--------+
         Total |  20537 |  19662 |    875 |   1451 |  13268 |  16 | 1283.6 |
       Dungeon |  15014 |  14260 |    754 |    934 |   9743 |  11 | 1364.9 |
        Temple |    419 |    393 |     26 |      0 |    384 |   1 |  419.0 |
          Lair |   5103 |   5008 |     95 |    517 |   3141 |   4 | 1275.8 |
               +--------+--------+--------+--------+--------+-----+--------+

Top non-repeatable levels by time:
    D:11: 2133 daAuts
     D:9: 1988 daAuts
     D:4: 1904 daAuts
  Lair:3: 1825 daAuts
     D:8: 1667 daAuts
  Lair:2: 1549 daAuts
  Lair:1: 1535 daAuts
     D:3: 1483 daAuts
    D:10: 1306 daAuts
     D:7: 1001 daAuts
     D:6: 990 daAuts
     D:2: 928 daAuts
     D:5: 883 daAuts
     D:1: 726 daAuts
  Temple: 419 daAuts
